[Event "Charlotte Spring-B 2022"]
[Site "Charlotte"]
[Date "2022.03.17"]
[Round "2.1"]
[White "Wang, Tianqi"]
[Black "Mishra, Prateek"]
[Result "1/2-1/2"]
[ECO "D00"]
[WhiteElo "2322"]
[BlackElo "2128"]
[Annotator "ChessBase"]
[PlyCount "60"]
[EventDate "2022.03.16"]
[EventType "tourn"]
[EventCountry "USA"]
[SourceTitle "playchess.com"]
[Source "ChessBase"]
[SourceQuality "1"]
[TimeControl "5400+30"]

1. d4 Nf6 2. Nf3 g6 3. Nc3 d5 4. Bf4 Bg7 5. Nb5 Na6 6. e3 c6 7. Nc3 Qb6 8. Rb1 O-O 9. h3 c5 10. Be5 Rd8 11. Bxa6 bxa6 12. O-O Qc6 13. dxc5 Qxc5 14. Na4 Qc6 15. Qd4 Qxc2 16. Nc5 Qc4 17. Rfd1 Qxd4 18. Rxd4 e6 19. Rc1 Nd7 20. Bxg7 Kxg7 21. e4 Nxc5 22. Rxc5 Rb8 23. exd5 exd5 24. b3 Rb5 25. Rc3 Bf5 26. Ra4 Rc8 27. Re3 Rc1+ 28. Kh2 Bc8 29. Rf4 Rc7 30. Nd4 Rb6 1/2-1/2

[Event "Charlotte Spring-B 2022"]
[Site "Charlotte"]
[Date "2022.03.17"]
[Round "2.2"]
[White "Ngo, Bach"]
[Black "Rusonik, Max"]
[Result "1-0"]
[ECO "D30"]
[WhiteElo "2306"]
[BlackElo "2141"]
[Annotator "ChessBase"]
[PlyCount "59"]
[EventDate "2022.03.16"]
[EventType "tourn"]
[EventCountry "USA"]
[SourceTitle "playchess.com"]
[Source "ChessBase"]
[SourceQuality "1"]
[TimeControl "5400+30"]

1. d4 d5 2. Nf3 e6 3. c4 c5 4. cxd5 exd5 5. Bg5 Be7 6. Bxe7 Qxe7 7. dxc5 Qxc5 8. Nc3 Nf6 9. e3 Nc6 10. Bb5 O-O 11. O-O Rd8 12. Rc1 Qb6 13. Bxc6 bxc6 14. Na4 Qa6 15. Ne5 Rd6 16. Qd4 Rb8 17. b3 Ne4 18. f3 c5 19. Nxc5 Nxc5 20. Qxc5 Bd7 21. Rfd1 Rc8 22. Qd4 Rxc1 23. Rxc1 f6 24. Nxd7 Rxd7 25. a4 Qe2 26. h3 Qa2 27. Qg4 Re7 28. Rc8+ Kf7 29. Qh5+ Ke6 30. Rc6+ 1-0

[Event "Charlotte Spring-B 2022"]
[Site "Charlotte"]
[Date "2022.03.17"]
[Round "2.3"]
[White "Almeida Saenz, Alfonso"]
[Black "Johnson, Donald"]
[Result "0-1"]
[ECO "B86"]
[WhiteElo "2259"]
[BlackElo "2060"]
[Annotator "ChessBase"]
[PlyCount "56"]
[EventDate "2022.03.16"]
[EventType "tourn"]
[EventCountry "USA"]
[SourceTitle "playchess.com"]
[Source "ChessBase"]
[SourceQuality "1"]
[TimeControl "5400+30"]

1. e4 c5 2. Nf3 d6 3. d4 cxd4 4. Nxd4 Nf6 5. Nc3 a6 6. Bc4 e6 7. g4 b5 8. g5 Nxe4 9. Bxb5+ axb5 10. Nxe4 Be7 11. Rg1 d5 12. Ng3 O-O 13. Qh5 Qb6 14. Be3 Bc5 15. c3 b4 16. Qe2 Ba6 17. Qc2 e5 18. Nh5 exd4 19. Nf6+ gxf6 20. gxf6+ Kh8 21. cxd4 Qxf6 22. Qxc5 Nd7 23. Qxd5 Nb6 24. Qh5 Rac8 25. b3 Rc2 26. a3 Qc6 27. Qe5+ f6 28. d5 Re2+ 0-1

[Event "Charlotte Spring-B 2022"]
[Site "Charlotte"]
[Date "2022.03.17"]
[Round "2.4"]
[White "Plotkin, Mark"]
[Black "Poliannikov, Danila"]
[Result "1-0"]
[ECO "A34"]
[WhiteElo "2400"]
[BlackElo "2273"]
[Annotator "ChessBase"]
[PlyCount "81"]
[EventDate "2022.03.16"]
[EventType "tourn"]
[EventCountry "USA"]
[SourceTitle "playchess.com"]
[Source "ChessBase"]
[SourceQuality "1"]
[TimeControl "5400+30"]

1. c4 Nf6 2. Nc3 c5 3. Nf3 d5 4. cxd5 Nxd5 5. g3 Nc6 6. Bg2 Nc7 7. O-O e5 8. d3 Be7 9. Be3 O-O 10. Rc1 Bd7 11. a3 Rc8 12. Nd2 b6 13. Nc4 f6 14. f4 exf4 15. gxf4 f5 16. Kh1 Kh8 17. Qe1 Ne6 18. Qg3 Ned4 19. Rg1 g6 20. b4 b5 21. Bxd4+ Nxd4 22. Ne5 Be8 23. Nd5 Bf7 24. Nxe7 Qxe7 25. Qe3 Kg7 26. Rxc5 Rxc5 27. Qxd4 Rxe5 28. Rc1 Re8 29. Rc5 Qh4 30. Rxe5 Rxe5 31. Qxe5+ Kh6 32. Bf3 Qf2 33. Qa1 Bb3 34. Qg1 Qh4 35. Qd4 Bd1 36. Kg2 Qe7 37. Qc5 Qf7 38. Qxb5 Bb3 39. Qe5 Be6 40. d4 g5 41. d5 1-0

[Event "Charlotte Spring-B 2022"]
[Site "Charlotte"]
[Date "2022.03.17"]
[Round "2.5"]
[White "Arjun, Vishnuvardhan"]
[Black "Adewumi, Tanitoluwa"]
[Result "1/2-1/2"]
[ECO "D02"]
[WhiteElo "2268"]
[BlackElo "2190"]
[Annotator "ChessBase"]
[PlyCount "55"]
[EventDate "2022.03.16"]
[EventType "tourn"]
[EventCountry "USA"]
[SourceTitle "playchess.com"]
[Source "ChessBase"]
[SourceQuality "1"]
[TimeControl "5400+30"]

1. d4 Nf6 2. Bf4 d5 3. e3 e6 4. Nd2 c5 5. c3 Nc6 6. Ngf3 Be7 7. Bd3 Nh5 8. Be5 cxd4 9. cxd4 f6 10. Bg3 g6 11. Rc1 O-O 12. a3 Bd6 13. Qb3 Nxg3 14. hxg3 Rf7 15. e4 Bc7 16. Qc3 Bb6 17. Nb3 Bd7 18. Nc5 Rc8 19. b4 Ne5 20. Nxe5 fxe5 21. O-O Bc6 22. Nxe6 Qd6 23. Ng5 Rfc7 24. dxe5 Qe7 25. Qd2 Qxe5 26. Qf4 Qxf4 27. gxf4 dxe4 28. Nxe4 1/2-1/2

[Event "Charlotte Spring-B 2022"]
[Site "Charlotte"]
[Date "2022.03.18"]
[Round "3.5"]
[White "Mishra, Prateek"]
[Black "Ngo, Bach"]
[Result "0-1"]
[ECO "C77"]
[WhiteElo "2128"]
[BlackElo "2306"]
[Annotator "RC"]
[PlyCount "58"]
[EventDate "2022.03.16"]
[EventType "tourn"]
[EventCountry "USA"]
[SourceTitle "playchess.com"]
[Source "ChessBase"]
[SourceQuality "1"]
[TimeControl "5400+30"]

1. e4 e5 2. Nf3 Nc6 3. Bb5 a6 4. Ba4 Nf6 5. O-O Be7 6. d3 b5 7. Bb3 d6 8. a3 O-O 9. Nc3 Be6 10. Be3 h6 11. Nd5 Na5 12. Ba2 Nxd5 13. exd5 Bg4 14. h3 Bh5 15. Qe1 Bxf3 16. gxf3 Nb7 17. Kh2 Nc5 18. Rg1 Kh7 19. c4 f5 20. f4 exf4 21. Bxf4 Bf6 22. Qd2 Bd4 23. Rae1 Qh4 24. Rg3 Rae8 25. Rxe8 Rxe8 26. Be3 Nd7 27. Bb3 Ne5 28. Bxd4 Qxd4 29. cxb5 f4 0-1

[Event "Charlotte Spring-B 2022"]
[Site "Charlotte"]
[Date "2022.03.18"]
[Round "4.1"]
[White "Wang, Tianqi"]
[Black "Ngo, Bach"]
[Result "1/2-1/2"]
[ECO "A13"]
[WhiteElo "2322"]
[BlackElo "2306"]
[Annotator "ChessBase"]
[PlyCount "94"]
[EventDate "2022.03.16"]
[EventType "tourn"]
[EventCountry "USA"]
[SourceTitle "playchess.com"]
[Source "ChessBase"]
[SourceQuality "1"]
[TimeControl "5400+30"]

1. b3 Nf6 2. Bb2 d5 3. Nf3 e6 4. c4 Be7 5. e3 O-O 6. Nc3 c5 7. cxd5 Nxd5 8. Qc2 Nc6 9. a3 b6 10. h4 h6 11. Nxd5 exd5 12. d4 Be6 13. Bb5 Rc8 14. dxc5 bxc5 15. O-O Qb6 16. Bxc6 Rxc6 17. Rfc1 Rcc8 18. Qd3 a5 19. Rab1 Rfd8 20. Bc3 d4 21. exd4 cxd4 22. Bxd4 Rxc1+ 23. Rxc1 Qxb3 24. Rc3 Qa4 25. Qe3 Bxh4 26. Rc7 Bg5 27. Nxg5 hxg5 28. Bc3 Rd1+ 29. Be1 Qf4 30. Rc3 a4 31. Qe2 Qd6 32. Re3 Ra1 33. Qb2 Rd1 34. Qc2 Qd4 35. Qc6 Kh7 36. Qc2+ Kg8 37. Qc6 Qc4 38. Qxc4 Bxc4 39. Kh2 f5 40. Re5 g6 41. Bb4 Bb3 42. Re7 Rd3 43. Re3 Rd5 44. Re6 Kf7 45. Rd6 Re5 46. Bc3 Re6 47. Rxe6 Kxe6 1/2-1/2

[Event "Charlotte Spring-B 2022"]
[Site "Charlotte"]
[Date "2022.03.18"]
[Round "4.2"]
[White "Almeida Saenz, Alfonso"]
[Black "Mishra, Prateek"]
[Result "0-1"]
[ECO "C54"]
[WhiteElo "2259"]
[BlackElo "2128"]
[Annotator "ChessBase"]
[PlyCount "84"]
[EventDate "2022.03.16"]
[EventType "tourn"]
[EventCountry "USA"]
[SourceTitle "playchess.com"]
[Source "ChessBase"]
[SourceQuality "1"]
[TimeControl "5400+30"]

1. e4 e5 2. Nf3 Nc6 3. Bc4 Bc5 4. c3 Nf6 5. d3 a5 6. O-O d6 7. h3 O-O 8. Re1 Be6 9. Nbd2 a4 10. Bb5 Qb8 11. Nf1 Ra5 12. Bc4 Qa7 13. Qc2 Bxc4 14. dxc4 Nd8 15. Bg5 Nh5 16. Bxd8 Rxd8 17. g3 c6 18. Rad1 Rb8 19. Re2 b5 20. b4 axb3 21. axb3 b4 22. cxb4 Rxb4 23. Kg2 g6 24. Rd3 Ng7 25. Qd2 Ne6 26. Qh6 Qe7 27. N1h2 Ra3 28. Rb2 f5 29. Nd2 Bd4 30. Rc2 Nc5 31. Rxd4 exd4 32. exf5 gxf5 33. Nhf3 Nxb3 34. Rb2 c5 35. Qf4 Nxd2 36. Rxb4 cxb4 37. Nxd2 Rd3 38. g4 fxg4 39. hxg4 Qe5 40. Qh6 b3 41. f3 b2 42. Ne4 b1=Q 0-1

[Event "Charlotte Spring-B 2022"]
[Site "Charlotte"]
[Date "2022.03.18"]
[Round "4.3"]
[White "Plotkin, Mark"]
[Black "Rusonik, Max"]
[Result "0-1"]
[ECO "D02"]
[WhiteElo "2400"]
[BlackElo "2141"]
[Annotator "ChessBase"]
[PlyCount "152"]
[EventDate "2022.03.16"]
[EventType "tourn"]
[EventCountry "USA"]
[SourceTitle "playchess.com"]
[Source "ChessBase"]
[SourceQuality "1"]
[TimeControl "5400+30"]

1. d4 Nf6 2. Nf3 d5 3. g3 e6 4. Bg2 c5 5. O-O Nc6 6. b3 cxd4 7. Nxd4 Bc5 8. Bb2 Bd7 9. e3 Rc8 10. Nd2 Nxd4 11. exd4 Bb4 12. c4 Qa5 13. Nf3 dxc4 14. a3 Bd6 15. bxc4 Rxc4 16. Ne5 Bxe5 17. dxe5 Nd5 18. Qd3 Rc8 19. Rfd1 Bc6 20. a4 O-O 21. Ba3 Rfd8 22. Bd6 Nc3 23. Bxc6 Nxd1 24. Bf3 Qe1+ 25. Qf1 Qxf1+ 26. Kxf1 Nb2 27. Bxb7 Rc2 28. Ba6 Nc4 29. Bxc4 Rxc4 30. a5 Rc2 31. Rb1 Ra2 32. Bc7 Rc8 33. Rb7 Rc2 34. Bd6 a6 35. Ra7 R2c6 36. h4 h5 37. Kg2 Rc2 38. Rxa6 Ra2 39. Kf3 Rc3+ 40. Kg2 Rcc2 41. Kf3 Rxf2+ 42. Ke3 Rg2 43. Kf3 Kh7 44. Ra8 Rg1 45. Bc5 Rb1 46. a6 Rb5 47. Bd4 Rd5 48. Bb6 Rxe5 49. a7 Rb5 50. Rb8 Rxb6 51. Rxb6 Rxa7 52. Rb5 Kh6 53. Re5 Ra4 54. Rb5 Rg4 55. Rb7 Kg6 56. Rb5 f6 57. Ra5 e5 58. Ra7 Kf5 59. Rb7 g6 60. Kg2 Ra4 61. Kh3 Rd4 62. Rb6 Rd5 63. Kg2 Rd2+ 64. Kh3 Rf2 65. Rb8 e4 66. Re8 Re2 67. Ra8 e3 68. Ra5+ Ke4 69. Ra4+ Kd3 70. Ra3+ Kd2 71. Ra2+ Ke1 72. Ra1+ Kf2 73. Ra6 f5 74. Rxg6 Re1 75. Kh2 e2 76. Rg5 Rh1+ 0-1

[Event "Charlotte Spring-B 2022"]
[Site "Charlotte"]
[Date "2022.03.18"]
[Round "4.4"]
[White "Arjun, Vishnuvardhan"]
[Black "Johnson, Donald"]
[Result "1-0"]
[ECO "A00"]
[WhiteElo "2268"]
[BlackElo "2060"]
[Annotator "ChessBase"]
[PlyCount "57"]
[EventDate "2022.03.16"]
[EventType "tourn"]
[EventCountry "USA"]
[SourceTitle "playchess.com"]
[Source "ChessBase"]
[SourceQuality "1"]
[TimeControl "5400+30"]

1. b4 c6 2. e3 Qb6 3. a3 a5 4. b5 cxb5 5. Nc3 b4 6. axb4 Qxb4 7. Ba3 Qb6 8. Nd5 Qc6 9. e4 Na6 10. Nf3 Qg6 11. Bd3 e6 12. Bxf8 Kxf8 13. Nb6 Rb8 14. Rxa5 Qxg2 15. Rg1 Qh3 16. Rg3 Qh6 17. Qb1 Qf4 18. Nxc8 Rxc8 19. Qxb7 Rb8 20. Qxa6 Nf6 21. e5 Ne4 22. Ra4 f5 23. Bxe4 Rb1+ 24. Ke2 g5 25. Qd6+ Ke8 26. Ra8+ Kf7 27. Qxd7+ Kg6 28. Qxe6+ Kh5 29. Rxg5+ 1-0

[Event "Charlotte Spring-B 2022"]
[Site "Charlotte"]
[Date "2022.03.18"]
[Round "4.5"]
[White "Adewumi, Tanitoluwa"]
[Black "Poliannikov, Danila"]
[Result "1-0"]
[ECO "A65"]
[WhiteElo "2190"]
[BlackElo "2273"]
[Annotator "ChessBase"]
[PlyCount "79"]
[EventDate "2022.03.16"]
[EventType "tourn"]
[EventCountry "USA"]
[SourceTitle "playchess.com"]
[Source "ChessBase"]
[SourceQuality "1"]
[TimeControl "5400+30"]

1. d4 Nf6 2. c4 c5 3. d5 e6 4. Nc3 exd5 5. cxd5 d6 6. e4 g6 7. Be2 Bg7 8. Be3 O-O 9. Nf3 Bg4 10. Nd2 Bxe2 11. Qxe2 Qe7 12. O-O Nbd7 13. Rae1 a6 14. a4 Ne8 15. f4 Nc7 16. e5 dxe5 17. Nde4 exf4 18. Bxf4 Ne8 19. Qd2 Qd8 20. Kh1 Nef6 21. Bd6 Re8 22. Qf4 Kh8 23. Bc7 Qe7 24. Bd6 Qd8 25. Ng5 Kg8 26. Bc7 Rxe1 27. Rxe1 Qf8 28. Bd6 Nh5 29. Qf1 Qxd6 30. Qxf7+ Kh8 31. Nce4 Qf4 32. Qxd7 Rf8 33. g3 Qf5 34. Qxf5 gxf5 35. Nxc5 Bf6 36. Nge6 Rb8 37. d6 Ng7 38. d7 Kg8 39. Nxg7 Kxg7 40. Re8 1-0

[Event "Charlotte Spring-B 2022"]
[Site "Charlotte"]
[Date "2022.03.19"]
[Round "5.5"]
[White "Ngo, Bach"]
[Black "Almeida Saenz, Alfonso"]
[Result "1-0"]
[ECO "D50"]
[WhiteElo "2306"]
[BlackElo "2259"]
[Annotator "RC"]
[PlyCount "149"]
[EventDate "2022.03.16"]
[EventType "tourn"]
[EventCountry "USA"]
[SourceTitle "playchess.com"]
[Source "ChessBase"]
[SourceQuality "1"]
[TimeControl "5400+30"]

1. d4 d5 2. Nf3 Nf6 3. c4 e6 4. Nc3 c5 5. cxd5 cxd4 6. Qxd4 exd5 7. Bg5 Be7 8. e3 Nc6 9. Bb5 O-O 10. Qd3 a6 11. Ba4 Bg4 12. Bxc6 bxc6 13. Ne5 Qc8 14. Nxg4 Qxg4 15. Bxf6 Bxf6 16. O-O Rfd8 17. Rac1 d4 18. Qc4 Rd6 19. Ne2 h5 20. Nxd4 Bxd4 21. exd4 Rg6 22. g3 h4 23. d5 cxd5 24. Qxd5 Rb8 25. Rc7 Qe6 26. Qxe6 Rxe6 27. Rc2 h3 28. Rfc1 Rb5 29. Kf1 g6 30. b3 Ra5 31. Rd1 Kg7 32. Rdd2 g5 33. f3 Kg6 34. Kf2 Rf5 35. g4 Rf4 36. Rc4 Rff6 37. Rc3 Re4 38. Kg3 Re1 39. Kxh3 Rg1 40. Rg2 Rf1 41. Kg3 Rd6 42. Rgc2 Rg1+ 43. Kf2 Rdd1 44. Ke3 Rde1+ 45. Kd4 Rd1+ 46. Kc5 f5 47. Kb6 fxg4 48. fxg4 Rxg4 49. Kxa6 Rb4 50. Rc6+ Kh5 51. Rb6 Rh4 52. Rb8 Rd6+ 53. Kb5 Rf4 54. b4 Rd5+ 55. Kc6 Re5 56. b5 Rf6+ 57. Kd7 Rf7+ 58. Kd6 Rfe7 59. b6 R7e6+ 60. Kd7 Re7+ 61. Kc6 R7e6+ 62. Kb7 Ra5 63. Rbc8 Kh4 64. R8c6 Re7+ 65. Rc7 Re6 66. Rb2 g4 67. Kb8 Rf6 68. Rd7 Rf8+ 69. Kc7 Rc5+ 70. Kd6 Rcf5 71. b7 R8f6+ 72. Ke7 Rf7+ 73. Kd8 Rf8+ 74. Kc7 Rc5+ 75. Kd6 1-0

[Event "Charlotte Spring-B 2022"]
[Site "Charlotte"]
[Date "2022.03.19"]
[Round "6.1"]
[White "Wang, Tianqi"]
[Black "Almeida Saenz, Alfonso"]
[Result "1-0"]
[ECO "B23"]
[WhiteElo "2322"]
[BlackElo "2259"]
[Annotator "NA"]
[PlyCount "49"]
[EventDate "2022.03.16"]
[EventType "tourn"]
[EventCountry "USA"]
[SourceTitle "playchess.com"]
[Source "ChessBase"]
[SourceQuality "1"]
[TimeControl "5400+30"]

1. e4 c5 2. Nc3 d6 3. f4 Nc6 4. Nf3 g6 5. Bc4 Bg7 6. O-O Nf6 7. d3 Be6 8. Bb5 Qb6 9. Qe1 a6 10. Ba4 O-O 11. Bxc6 Qxc6 12. Qh4 c4 13. f5 gxf5 $11 14. Bh6 Bxh6 15. Qxh6 Qb6+ 16. d4 Qxb2 17. Na4 Qxc2 18. Ng5 Qe2 19. Rf3 Qd2 20. Raf1 Qxd4+ 21. Kh1 Rfc8 22. Rg3 Ng4 23. Rxg4 Qg7 24. Nxe6 Qxg4 25. Ng5 1-0

[Event "Charlotte Spring-B 2022"]
[Site "Charlotte"]
[Date "2022.03.19"]
[Round "6.2"]
[White "Plotkin, Mark"]
[Black "Ngo, Bach"]
[Result "0-1"]
[ECO "D37"]
[WhiteElo "2400"]
[BlackElo "2306"]
[Annotator "NA"]
[PlyCount "204"]
[EventDate "2022.03.16"]
[EventType "tourn"]
[EventCountry "USA"]
[SourceTitle "playchess.com"]
[Source "ChessBase"]
[SourceQuality "1"]
[TimeControl "5400+30"]

1. c4 Nf6 2. Nc3 e6 3. Nf3 d5 4. e3 Be7 5. d4 O-O 6. Bd3 dxc4 7. Bxc4 a6 8. a4 b6 9. O-O Bb7 10. Qe2 c5 11. dxc5 bxc5 12. e4 Nc6 13. e5 Nd5 $11 (13... Nd7 $5 ) 14. Rd1 Na5 15. Bd3 Nb3 16. Rb1 Nxc1 17. Rbxc1 Qb6 18. Bb1 Rfd8 19. Ne4 Qb3 20. g3 h6 21. Bc2 Qb6 22. Nfd2 Nb4 23. Nc4 Qc7 24. Ncd6 Nxc2 25. Rxc2 Bxe4 26. Qxe4 Rab8 27. Qf4 Bxd6 28. exd6 Qc6 29. Rdd2 Rb6 30. b4 Qb7 31. Qe5 Rxb4 32. Qxc5 Rb1+ 33. Rc1 Qb4 34. Qxb4 Rxb4 35. Rc7 Rxa4 36. Rb2 Ra5 37. Rb6 Rd5 38. Rxa6 R8xd6 39. Ra8+ Rd8 40. Rxd8+ Rxd8 41. h4 g5 42. hxg5 hxg5 43. Kg2 Kg7 44. Rc5 Rd5 45. Rc8 Kg6 46. g4 Rd3 47. Ra8 Kg7 48. Rb8 Kf6 49. Rg8 Rd5 50. Kg3 Ke7 51. Ra8 Rd3+ 52. Kg2 Rc3 53. Rg8 Rc5 54. Ra8 Kd6 55. Rf8 Rc7 56. Rg8 f6 57. Ra8 Rc5 58. Ra4 Kd5 59. f3 Rc6 60. Kg3 Rc4 61. Ra5+ Rc5 62. Ra4 f5 63. gxf5 exf5 64. Ra8 Ke5 65. Re8+ Kf6 66. Rf8+ Kg7 67. Ra8 Rc3 68. Ra7+ Kg6 69. Kg2 Rc2+ 70. Kf1 Kf6 71. Ra5 Rb2 72. Rc5 Kg6 73. Ra5 Rc2 74. Rb5 Ra2 75. Rc5 f4 76. Rc8 Kf5 77. Rc5+ Kg6 78. Rc8 Kf6 79. Rc5 Rb2 80. Ra5 Kg6 81. Ra8 Rb5 82. Kg2 Kf5 83. Rg8 Rb2+ 84. Kf1 Rd2 85. Ke1 Rc2 86. Kf1 Rh2 87. Kg1 Rd2 88. Kf1 Ke5 89. Rxg5+ Kd4 90. Ra5 Ke3 91. Ra3+ Rd3 92. Ra8 Kxf3 93. Kg1 Rd1+ 94. Kh2 Ke2 95. Rf8 f3 96. Re8+ Kf1 97. Rf8 Rd2+ 98. Kh1 f2 99. Ra8 Ke1 100. Re8+ Re2 101. Rf8 Re5 102. Kg2 Rg5+ 0-1

[Event "Charlotte Spring-B 2022"]
[Site "Charlotte"]
[Date "2022.03.19"]
[Round "6.4"]
[White "Adewumi, Tanitoluwa"]
[Black "Rusonik, Max"]
[Result "1/2-1/2"]
[ECO "B13"]
[WhiteElo "2190"]
[BlackElo "2141"]
[Annotator "NA"]
[PlyCount "96"]
[EventDate "2022.03.16"]
[EventType "tourn"]
[EventCountry "USA"]
[SourceTitle "playchess.com"]
[Source "ChessBase"]
[SourceQuality "1"]
[TimeControl "5400+30"]

1. d4 d5 2. Bf4 c5 3. e3 cxd4 4. exd4 Nc6 5. Nf3 Bf5 6. Nbd2 f6 7. c4 g5 8. cxd5 Qxd5 9. Bc4 Qd7 10. Be3 e6 11. O-O Nge7 12. Rc1 Rc8 13. Qe2 Nd5 14. Nb3 Nb6 15. d5 Nxc4 16. dxc6 Rxc6 17. Nfd4 Nxe3 18. Qxe3 Rxc1 19. Rxc1 Kf7 20. Nxf5 exf5 21. Qxa7 Be7 22. Qe3 Rd8 23. g3 f4 24. Qe4 Qd3 25. Qxd3 Rxd3 26. gxf4 gxf4 27. f3 Rxf3 28. Rc7 Re3 29. Rxb7 Kg6 30. a4 f5 31. a5 Bh4 32. Nd2 Re1+ 33. Nf1 Ra1 34. b4 f3 35. Rd7 f4 36. Rd3 f2+ 37. Kg2 Kf5 38. Rh3 Kg4 39. Rb3 h6 40. b5 Rxa5 41. b6 Ra8 42. b7 Rb8 43. h3+ Kf5 44. Kf3 Bg3 45. Kg2 Ke4 46. Rb5 Kd3 47. Rb3+ Ke2 48. Rb2+ Kd3 1/2-1/2

[Event "Charlotte Spring-B 2022"]
[Site "Charlotte"]
[Date "2022.03.19"]
[Round "6.5"]
[White "Poliannikov, Danila"]
[Black "Johnson, Donald"]
[Result "1-0"]
[ECO "C88"]
[WhiteElo "2273"]
[BlackElo "2060"]
[Annotator "NA"]
[PlyCount "142"]
[EventDate "2022.03.16"]
[EventType "tourn"]
[EventCountry "USA"]
[SourceTitle "playchess.com"]
[Source "ChessBase"]
[SourceQuality "1"]
[TimeControl "5400+30"]

1. e4 e5 2. Nf3 Nc6 3. Bb5 a6 4. Ba4 Nf6 5. O-O Be7 6. Re1 b5 7. Bb3 O-O 8. a4 b4 9. d3 d6 10. Nbd2 Na5 11. Ba2 c5 12. Nc4 Nc6 13. Bd2 Rb8 14. h3 h6 15. Ne3 Be6 16. Bc4 Bxc4 17. Nxc4 Re8 18. Nh2 d5 19. exd5 Nxd5 20. Nf3 Bf6 21. Qe2 Kh7 22. Be3 b3 23. Bxc5 Ndb4 24. Qe4+ Kg8 25. Nd6 Re6 26. c3 Nc2 27. Nc4 Nxa1 28. Rxa1 Qc7 29. a5 Ne7 30. Bb6 Qc6 31. Nfd2 Nd5 32. Nxb3 Nxb6 33. Qxc6 Rxc6 34. axb6 Bd8 35. Nba5 Re6 36. b7 Kf8 37. Kf1 Ke8 38. b4 Kd7 39. Ke2 Kc7 40. Nb3 Be7 41. Nca5 Rd8 42. Rd1 Kb8 43. Ke3 f5 44. Nd2 Bg5+ 45. Ke2 e4 46. d4 f4 47. Ndc4 f3+ 48. Kf1 fxg2+ 49. Kxg2 Bf4 50. d5 Rg6+ 51. Kf1 Rf6 52. Ke2 Bc7 53. Nc6+ Kxb7 54. Nxd8+ Bxd8 55. Rd4 Rf4 56. Nd6+ Kc7 57. Rxe4 Rf8 58. Ne8+ Kd7 59. Nxg7 Bf6 60. Ne6 Rb8 61. Nc5+ Kd8 62. Kd3 h5 63. Nxa6 Ra8 64. Re6 Be7 65. b5 Kd7 66. c4 Rf8 67. c5 Rf3+ 68. Re3 Rxf2 69. c6+ Kd6 70. Re6+ Kxd5 71. Rxe7 Rf3+ 1-0